 Dungeon Crawl Stone Soup version 0.27.1-1-g398f81649c (webtiles) character file.

Game seed: 11119090764220725321

145 r3algoood the Grave Robber (level 5, -5/28 HPs)
             Began as a Deep Elf Necromancer on Sept 10, 2021.
             Slain by a river rat (7 damage)
             ... in a sewer.
             The game lasted 00:06:30 (3455 turns).

r3algoood the Grave Robber (Deep Elf Necromancer)   Turns: 3455, Time: 00:06:31

Health: -5/28      AC:  2    Str:  5    XL:     5   Next: 6%
Magic:  1/14       EV: 13    Int: 21    God:
Gold:   106        SH:  0    Dex: 15    Spells: 6/14 levels left

rFire    . . .     SeeInvis .   (no weapon)
rCold    . . .     Faith    .   (no shield)
rNeg     . . .     Spirit   .   a - +0 robe
rPois    .         Reflect  .   (no helmet)
rElec    .         Harm     .   (no cloak)
rCorr    .         Rampage  .   (no gloves)
Will     .....                  (no boots)
Stlth    +.........             (no amulet)
HPRegen  0.09/turn              (no ring)
MPRegen  0.14/turn              (no ring)

@: very slow
A: no striking features
a: no special abilities


You were in a sewer.
You visited 1 branch of the dungeon, and saw 3 of its levels.
You also visited: Sewer.

You collected 106 gold pieces.

Inventory:

Hand Weapons
 e - a +0 whip
Missiles
 b - a throwing net
Armour
 a - a +0 robe (worn)
Jewellery
 m - a ring of resist corrosion
Wands
 i - a wand of polymorph (6)
Scrolls
 f - a scroll of enchant weapon {unknown}
 g - a scroll of silence {unknown}
 j - a scroll of teleportation {unknown}
 k - a scroll of noise {unknown}
 l - a scroll of fear {unknown}
 o - a scroll of identify {unknown}
Potions
 c - 2 potions of degeneration {unknown}
 d - a potion of lignification {unknown}
 h - a potion of flight {unknown}
 n - a potion of haste {unknown}


   Skills:
 + Level 3.5 Dodging
 - Level 2.4 Stealth
 * Level 5.0 Spellcasting
 * Level 6.2 Necromancy


You had 6 spell levels left.
You knew the following spells:

 Your Spells              Type           Power      Damage    Failure   Level
a - Pain                  Necr           100%       1d9       1%          1
b - Animate Dead          Necr           15%        N/A       9%          4
c - Vampiric Draining     Necr           15%        2d8       2%          3

Your spell library contained the following spells:

 Spells                   Type           Power      Damage    Failure   Level
 Animate Skeleton         Necr           62%        N/A       1%          1
 Agony                    Necr           31%        N/A       24%         5


Dungeon Overview and Level Annotations

Branches:
Dungeon (3/15)              Sewer (1/1)

Altars:
Qazlal


Message History

Casting: Pain (safe; 1% risk of failure)
Confirm with . or Enter, or press ? or * to list all spells.
Aiming: Pain (safe; 1% risk of failure)
Press: ? - help, Shift-Dir - straight line, f - river rat
Aim: a river rat (chance to affect: 89%)
The river rat writhes in agony.
The rat misses you. The river rat barely misses you.
Casting: Pain (safe; 1% risk of failure)
Confirm with . or Enter, or press ? or * to list all spells.
Aiming: Pain (safe; 1% risk of failure)
Press: ? - help, Shift-Dir - straight line, f/p - river rat
Aim: a river rat (lightly wounded, chance to affect: 89%)
The river rat barely resists.
The rat misses you. The river rat bites you.
Casting: Pain (safe; 1% risk of failure)
Confirm with . or Enter, or press ? or * to list all spells.
Aiming: Pain (safe; 1% risk of failure)
Press: ? - help, Shift-Dir - straight line, f/p - river rat
Aim: a river rat (lightly wounded, chance to affect: 89%)
The river rat writhes in agony.
The river rat barely misses you. The rat closely misses you.
Casting: Pain (safe; 1% risk of failure)
Confirm with . or Enter, or press ? or * to list all spells.
Aiming: Pain (safe; 1% risk of failure)
Press: ? - help, Shift-Dir - straight line, f/p - river rat
Aim: a river rat (heavily wounded, chance to affect: 89%)
The river rat writhes in agony.
The rat barely misses you. The river rat closely misses you.
The river rat bites you.
* * * LOW HITPOINT WARNING * * *
The river rat bites you.
* * * LOW HITPOINT WARNING * * *
You see here a rat corpse.
The river rat misses you.
Casting: Pain (safe; 1% risk of failure)
Confirm with . or Enter, or press ? or * to list all spells.
Okay, then.
The rat twitches its whiskers.
The river rat closely misses you. The river rat bites you!
You die...

. ..
...####################
.....≈≈≈≈≈≈≈≈.≈≈≈≈≈≈..###
.....†≈≈≈≈r≈r@≈≈≈#≈≈....##
.....≈†≈≈†≈≈≈≈≈≈≈≈≈≈≈....#
.....≈≈≈≈≈≈≈≈≈≈≈≈≈≈≈.....#
#....≈≈≈≈≈≈≈≈≈≈≈≈≈≈≈.....##
###..≈≈≈≈≈≈≈≈≈≈≈≈≈≈≈......#
####################....#
##...## ##...# #...#


You could see a river rat and a rat.

Vanquished Creatures
  2 river rats (Sewer)
  5 adders
  A worm (D:2)
  A dart slug (D:3)
  7 bats
  9 endoplasms
  5 giant cockroaches
  4 goblins
  4 hobgoblins
  2 jackals (D:3)
  4 kobolds
  2 quokkas (D:1)
  14 ball pythons
  A frilled lizard (D:2)
  16 rats
77 creatures vanquished.

Notes
Turn   | Place    | Note
-------+----------+-------------------------------------------
     0 | D:1      | r3algoood the Deep Elf Necromancer began the quest for the
                  | Orb.
     0 | D:1      | Reached XP level 1. HP: 10/10 MP: 6/6
    41 | D:1      | Reached skill level 5 in Necromancy
   356 | D:1      | Reached XP level 2. HP: 14/15 MP: 6/8
  1201 | D:2      | Found a faded altar of an unknown god.
  1203 | D:2      | Reached XP level 3. HP: 18/19 MP: 8/10
  2422 | D:2      | Reached XP level 4. HP: 22/24 MP: 9/12
  2947 | D:2      | Learned a level 4 spell: Animate Dead
  2951 | D:2      | Learned a level 3 spell: Vampiric Draining
  3012 | D:3      | Reached skill level 6 in Necromancy
  3136 | D:3      | Found a stormy altar of Qazlal.
  3237 | D:3      | Found a glowing drain.
  3242 | Sewer    | Entered a sewer
  3432 | Sewer    | Reached skill level 5 in Spellcasting
  3432 | Sewer    | Reached XP level 5. HP: 23/28 MP: 8/14
  3450 | Sewer    | HP: 1/28 [river rat (5)]
  3455 | Sewer    | Slain by a river rat

Illustrated notes

Levels and vault maps discovered:
D:1:      minmay_arrival_four_circles, layout_loops_ring
D:2:      minmay_razor_zed, layout_basic, shapermc_ecumenical_altar_venn
D:3:      layout_rooms, mainiacjoe_overflow_alcove_2, gup_sewer_entry_bowl,
          minmay_misc_feat_cross, serial_park_tiny_pond
Sewer:    sewer_minmay_w

Skill      XL: |  1  2  3  4 |
---------------+-------------+-----
Necromancy     | 5 6 |  6.2
Spellcasting   | 4 5 |  5.0
Dodging        | 3 |  3.5
Stealth        | |  2.4

Action                   |  1- 3 |  4- 6 || total
-------------------------+-------+-------++-------
 Cast: Pain              |    68 |    59 ||   127
Armor: Robe              |     1 |     2 ||     3
Dodge: Dodged            |     9 |    21 ||    30
